Map: Acropolis LE

Players

RiSky

  • Race: Zerg Zerg
  • Spawn Location: 5:00

A.I. 2 (Very Easy) - Winner!

  • Race: Terran Terran
  • Spawn Location: 11:00

VOD

Have the link to the VOD?

Description

Time

  • Played on: Aug. 16, 2019, 5:27 p.m.
  • Length: 10:43
Show
View Real Time Build Order
Export as new Build Order

RiSky Zerg 

Build Orders: Hatch First 

Get SALT Encoding   

  12  0:01  Drone  
  13  0:12  Overlord  
  13  0:16  Drone  
  14  0:31  Drone x2  
  16  0:49  Hatchery  
  15  0:51  Drone  
  15  0:54  Drone  
  17  0:57  Drone  
  18  1:09  Extractor  
  17  1:14  Spawning Pool  
  17  1:17  Drone  
  17  1:20  Drone  
  18  1:28  Drone  
  19  1:39  Drone  
  20  1:50  Overlord  
  20  2:01  Queen x2  
  20  2:02  Zergling x4  
  26  2:11  Drone, Metabolic Boost  
  26  2:13  Drone  
  28  2:22  Drone  
  29  2:23  Drone  
  30  2:36  Hatchery  
  29  2:38  Drone  
  29  2:43  Queen  
  32  2:47  Overlord  
  32  2:50  Drone  
  33  2:53  Drone  
  33  2:55  Drone  
  33  2:57  Drone  
  36  3:06  Drone  
  36  3:07  Drone  
  36  3:11  Drone x3  
  41  3:14  Overlord  
  41  3:16  Drone x2  
  43  3:20  Drone  
  44  3:32  Queen x2  
  48  3:35  Overlord  
  48  3:37  Drone  
  49  3:45  Drone  
  49  3:46  Drone x2  
  49  3:48  Queen  
  52  3:49  Drone x3  
  52  3:52  Drone  
  58  3:57  Drone x2  
  58  3:58  Overlord  
  58  4:00  Drone  
  61  4:04  Drone  
  61  4:06  Drone  
  61  4:08  Queen  
  65  4:18  Lair  
  65  4:19  Drone x4  
  65  4:21  Drone  
  65  4:23  Drone  
  71  4:25  Queen  
  73  4:31  Overlord  
  73  4:36  Extractor  
  73  4:37  Extractor, Drone x2  
  73  4:39  Baneling Nest  
  73  4:42  Overlord x2  
  73  4:43  Drone x2  
  74  4:49  Spore Crawler  
  74  4:50  Spore Crawler  
  74  4:51  Spore Crawler, Drone  
  74  4:52  Drone x4  
  76  4:57  Overlord  
  76  5:01  Drone x2  
  76  5:02  Drone  
  76  5:04  Drone, Queen  
  76  5:06  Overlord  
  82  5:08  Drone  
  82  5:09  Drone  
  82  5:10  Overlord  
  84  5:15  Overlord  
  84  5:24  Extractor  
  84  5:25  Centrifical Hooks  
  84  5:26  Extractor  
  82  5:31  Zergling x16, Evolution Chamber x2  
  82  5:34  Drone x2  
  90  5:37  Drone  
  90  5:40  Overseer  
  91  5:43  Drone  
  91  5:44  Drone  
  91  5:46  Hatchery  
  91  5:48  Overlord  
  92  5:51  Drone  
  92  5:52  Drone x2, Extractor  
  92  5:53  Drone x2  
  96  5:58  Zerg Melee Weapons Level 1, Zerg Ground Armor Level 1  
  96  6:09  Hatchery  
  96  6:10  Drone x2, Hydralisk Den  
  96  6:28  Zergling x24  
  96  6:29  Zergling x6  
  96  6:30  Baneling x4  
  96  6:31  Baneling x13  
  111  6:40  Muscular Augments  
  111  6:42  Infestation Pit  
  110  6:52  Drone  
  110  6:53  Drone x11  
  122  7:02  Hydralisk, Overlord  
  122  7:03  Hydralisk x2  
  122  7:04  Extractor  
  122  7:05  Extractor  
  126  7:11  Overlord  
  126  7:14  Drone x3  
  129  7:17  Drone  
  130  7:26  Hive  
  130  7:27  Hatchery  
  129  7:31  Hydralisk  
  129  7:32  Hydralisk x7  
  145  7:53  Zerg Melee Weapons Level 2, Zerg Missile Weapons Level 1  
  145  7:59  Spine Crawler x2  
  145  8:01  Spore Crawler, Spine Crawler, Hydralisk x2  
  145  8:02  Hydralisk x6  
  157  8:06  Overlord x2  
  157  8:26  Hydralisk x6  
  157  8:27  Hydralisk x2  
  159  8:33  Overlord x2  
  173  8:39  Viper x2  
  179  8:43  Overlord x2  
  179  8:52  Drone  
  180  8:56  Drone x16  
  196  9:03  Overlord  
  196  9:05  Spire  
  196  9:08  Extractor  
  194  9:12  Extractor  
Show
View Real Time Build Order
Export as new Build Order

A.I. 2 (Very Easy) Terran - Winner!

Build Orders: Reaper Expand 

Get SALT Encoding   

  12  0:00  SCV  
  13  0:13  SCV  
  14  0:18  Supply Depot  
  14  0:42  Barracks  
  14  1:03  Command Center  
  14  1:30  Orbital Command, Supply Depot  
  14  1:31  Marine  
  15  1:35  Refinery  
  15  1:47  Refinery  
  15  1:56  SCV  
  17  2:08  SCV  
  17  2:15  SCV  
  18  2:16  Reaper  
  18  2:22  SCV  
  20  2:29  SCV  
  21  2:36  SCV  
  22  2:43  SCV  
  23  2:47  Refinery  
  23  2:50  SCV  
  24  2:58  SCV  
  25  3:03  Marine  
  25  3:05  SCV  
  27  3:12  SCV  
  28  3:19  SCV  
  29  3:26  SCV, Factory  
  30  3:45  Refinery  
  30  3:46  SCV  
  31  3:51  Marine  
  32  3:57  SCV, Supply Depot  
  33  4:04  SCV  
  34  4:10  Barracks Tech Lab  
  34  4:12  SCV  
  34  4:13  Starport  
  35  4:19  SCV  
  36  4:26  SCV  
  36  4:29  Supply Depot  
  37  4:33  SCV  
  38  4:40  Marauder, SCV  
  41  4:47  SCV  
  41  4:51  Starport Tech Lab  
  42  4:55  SCV  
  43  5:02  SCV  
  44  5:09  SCV, Raven  
  47  5:16  SCV  
  48  5:26  SCV  
  48  5:27  Marine  
  49  5:52  Raven  
  51  6:15  Marine  
  52  7:03  Marauder  
  54  8:12  SCV  
  54  8:44  SCV  
Tags
 
Add a new tag
Caveats
  • Supply blocks, unpowered buildings, or Contaminate may cause inaccurate times.
  • Supply counts are checked every 10 seconds.